cohdb
Replays
Latest Replays
All Replays
Popular Replays
Top Player Replays
Match Explorer
How It Works
Community
CoH3 Stats
Reddit
Sign in to upload your games and track your stats! →
Sign in with Steam
Match 40539484
Unlisted
Match 40539484
Overview
Messages
Build Orders
End
Construct Barracks
Riflemen Squad
Riflemen Squad
Grenade Package
Riflemen Squad
Construct Weapon Support Center
Bazooka Squad
Selects Airborne Battlegroup
Selects Heavy Machine Gun Paradrop
Selects Paratrooper Squad Paradrop
Mechanized Support Center
Construct Medical Station
Selects Anti-tank Gun Team Paradrop
Heavy Machine Gun Paradrop
M1918 Browning Automatic Rifles
Selects Recon Loiter
Construct Tank Depot
Heavy Machine Gun Paradrop
M18 Hellcat Tank Destroyer
pvpsalvation
ItsBrettos
vonAJ
Hiziz
Mairo
T1pzuシ
0
0
Comments
sign in to comment!
No comments posted yet!